 Dungeon Crawl Stone Soup version 0.24.0-125-gc4c63601f3 (webtiles) character file.

Game seed: 4698866934143554187, levelgen mode: deterministic

542 Divind the Ruffian (level 7, 0/36 HPs)
             Began as a Vine Stalker Fighter on Mar 6, 2020.
             Slain by an ogre
             ... wielding a +0 giant spiked club
              (16 damage)
             ... on level 4 of the Dungeon.
             The game lasted 00:07:36 (2704 turns).

Divind the Ruffian (Vine Stalker Fighter)           Turns: 2704, Time: 00:07:37

Health: 0/36       AC: 14    Str: 20 (21) XL:     7   Next: 27%
Magic:  0/8        EV:  5    Int:  5 (8)  God:
Gold:   127        SH:  9    Dex: 11 (13) Spells: 6/6 levels left

rFire    . . .     SeeInvis .     - Unarmed
rCold    . . .     Gourm    .   b - +0 shield
rNeg     . . .     Faith    .   k - +0 plate armour
rPois    .         Spirit   +   (no helmet)
rElec    .         Reflect  .   (no cloak)
rCorr    .         Harm     .   c - +0 pair of gloves
MR       .....                  l - +0 pair of boots
Stlth    ..........             s - amulet of the acrobat
HPRegen  0.52/turn              e - +1 ring of evasion
MPRegen  0.11/turn              (no ring)

@: very slightly contaminated, invisible
A: fangs 2, regeneration 1, magic shield, antimagic bite, no potion heal 3, rot
immunity
a: no special abilities


You were on level 4 of the Dungeon.
You were not hungry.

You visited 1 branch of the dungeon, and saw 4 of its levels.

You collected 127 gold pieces.

Inventory:

Armour
 a - a +0 scale mail
 b - a +0 shield (worn)
 c - a +0 pair of gloves (worn)
 k - a +0 plate armour (worn)
 l - a +0 pair of boots (worn)
Jewellery
 e - a +1 ring of evasion (left hand)
 n - an uncursed amulet of the gourmand
 s - an amulet of the acrobat (around neck)
Scrolls
 f - a scroll of remove curse
 g - a scroll of fear
 h - a scroll of identify
 q - a scroll of magic mapping
Potions
 i - 2 potions of brilliance
 o - 2 potions of might
Comestibles
 d - 5 rations
 t - 6 chunks of flesh


   Skills:
 + Level 3.0 Fighting
 + Level 4.0 Armour
 + Level 0.9 Dodging
 + Level 0.1 Stealth
 + Level 4.2 Shields
 + Level 5.1 Unarmed Combat


You had 6 spell levels left.
You didn't know any spells.
Your spell library was empty.

Dungeon Overview and Level Annotations

Branches:
Dungeon (4/15)
 Temple: D:4-7

Altars:
Okawaru
Sif Muna


Innate Abilities, Weirdness & Mutations

You have extremely sharp teeth.
Your natural rate of healing is unusually fast.
When hurt, damage is shared between your health and your magic reserves.
Your bite disrupts and absorbs the magic of your enemies.
Potions cannot restore your health.
You are immune to rotting.


Message History

You barely miss the gnoll.
The gnoll is severely wounded.
The gnoll hits you with a +0 spear. You block the gnoll shaman's attack.
You hit the gnoll.
The gnoll is almost dead.
The gnoll hits you but does no damage.
You fade into invisibility!
You block the gnoll shaman's attack. The gnoll hits you but does no damage.
You are very lightly contaminated with residual magic.
You hit the gnoll.
You kill the gnoll!
The gnoll shaman hits you with a +0 club.
Things that are here:
a +0 spear; a gnoll corpse You hit the ogre.
The ogre is moderately wounded.
You hit the ogre. You bite the ogre. You drain its power.
You feel invigorated.
The ogre is heavily wounded.
The ogre hits you with a +0 giant spiked club!!
You die...

*,,,,≈≈≈≈≈≈≈≈≈≈≈≈≈≈≈≈≈≈≈≈≈≈≈≈≈≈≈≈
*,,,,≈≈≈≈≈≈≈≈≈≈≈≈≈≈≈≈≈≈≈≈≈≈≈≈≈≈≈≈
*,,,,≈≈*****≈≈≈≈≈≈≈≈≈≈≈≈≈≈≈≈≈≈≈≈≈
*,,,,≈≈*,,,*,,,,,,,,,,,,,,,,,,,,,
*,,,,≈≈*,,,#####*****************
*,,,,≈≈***+#....* *,.,**,,,*,,
*,,,,≈≈≈,*,#....########,,,,*****
*,,,,≈≈≈,*,#...........#,,,,*,,,,
*,,,,≈≈≈,*,**++#@.......,≈≈,,,,,,
*,,,,≈≈≈,*,,,,,#O.......,≈≈,,,,,,
*,,,,≈≈≈,*,,,,,#g).....#,,,,*,,,,
*,,,,≈≈≈,*,****#)############****
*,,,,≈≈≈,*,*,,,#......)'....+,,,,
*,,,,≈≈≈,*,,,*,#......)#....#,,,,
*,,,,≈≈***+*,,,#.......#....#,,,,
*,,,,≈≈*,,,****#########''''####*
*,,,,≈≈*,,,#........^...........,


You could see an ogre and a gnoll shaman.

Vanquished Creatures
  Sigmund (D:2)
  Menkaure (D:4)
  A hound (D:4)
  A centaur skeleton (D:4)
  8 gnolls (D:4)
  2 adders (D:3)
  2 oozes
  4 worms
  6 dart slugs
  2 orcs
  5 giant cockroaches
  7 goblins
  10 hobgoblins
  6 jackals
  2 quokkas
  10 bats
  A frilled lizard (D:2)
  11 kobolds
  8 rats
88 creatures vanquished.

Notes
Turn   | Place    | Note
-------+----------+-------------------------------------------
     0 | D:1      | Divind the Vine Stalker Fighter began the quest for the
                  | Orb.
     0 | D:1      | Reached XP level 1. HP: 11/11 MP: 2/2
   113 | D:1      | Reached XP level 2. HP: 9/16 MP: 3/3
   502 | D:1      | Reached XP level 3. HP: 19/19 MP: 4/4
  1113 | D:2      | Noticed Sigmund
  1129 | D:2      | Killed Sigmund
  1129 | D:2      | Reached skill level 3 in Unarmed Combat
  1129 | D:2      | Gained mutation: Your natural rate of healing is unusually
                  | fast. [Vine Stalker growth]
  1129 | D:2      | Reached XP level 4. HP: 10/24 MP: 1/5
  1129 | D:2      | Reached XP level 5. HP: 12/28 MP: 1/6
  1330 | D:2      | Reached XP level 6. HP: 32/32 MP: 7/7
  1422 | D:2      | Found a shimmering blue altar of Sif Muna.
  1422 | D:2      | Found an iron altar of Okawaru.
  2477 | D:4      | Noticed Menkaure
  2488 | D:4      | Killed Menkaure
  2488 | D:4      | Reached skill level 4 in Unarmed Combat
  2569 | D:4      | Reached XP level 7. HP: 34/36 MP: 8/8
  2655 | D:4      | Reached skill level 5 in Unarmed Combat
  2704 | D:4      | Slain by an ogre

Levels and vault maps discovered:
D:1:      minmay_arrival_nine_rooms, layout_loops_ring
D:2:      minmay_skewed_foursquare, layout_loops_ring,
          grunt_temple_overflow_open, uniq_sigmund
D:3:      layout_loops_ring
D:4:      lemuel_castle_with_subvaults [lemuel_castle_interior_carwin_3],
          layout_rooms, uniq_crazy_yiuf_cottage, uniq_menkaure, uniq_edmund

Skill      XL: |  1  2  3  4  5  6  7 |
---------------+----------------------+-----
Shields        | 3 4 |  4.2
Fighting       | 3 |  3.0
Armour         | 3 4 |  4.0
Unarmed Combat | 3 4 5 |  5.1
Dodging        | |  0.9
Stealth        | |  0.1

Action                   |  1- 3 |  4- 6 |  7- 9 || total
-------------------------+-------+-------+-------++-------
Melee: Unarmed           |    97 |   137 |    58 ||   292
       Bite              |    29 |    44 |    19 ||    92
  Use: Potion            |     1 |     2 |     1 ||     4
       Scroll            |       |     6 |       ||     6
  Eat: Chunk             |     1 |     5 |       ||     6
       Ration            |       |     1 |       ||     1
Armor: Scale mail        |    36 |    12 |       ||    48
       Plate armour      |       |    54 |    39 ||    93
Dodge: Dodged            |    22 |    28 |    26 ||    76
Block: Shield            |    44 |    63 |    59 ||   166
